 Dungeon Crawl Stone Soup version 0.27-a0-887-gcab673c142 (webtiles) character file.

Game seed: 17494088686470707494

391 KyrpaJooseppi the Twirler (level 7, -1/56 HPs)
             Began as a Human Gladiator on Apr 3, 2021.
             Slain by an orc
             ... wielding a +0 hand axe
              (4 damage)
             ... on level 4 of the Dungeon.
             The game lasted 00:06:34 (3773 turns).

KyrpaJooseppi the Twirler (Human Gladiator)         Turns: 3773, Time: 00:06:34

Health: -1/56      AC:  6    Str: 14    XL:     7   Next: 8%
Magic:  7/7        EV: 11    Int: 10    God:
Gold:   175        SH:  0    Dex: 15    Spells: 6/6 levels left

rFire    . . .     SeeInvis .   a - +0 quarterstaff
rCold    . . .     Faith    .   (shield currently unavailable)
rNeg     . . .     Spirit   .   n - +0 ring mail
rPois    +         Reflect  .   c - +0 helmet
rElec    .         Harm     .   (no cloak)
rCorr    .         Rampage  .   (no gloves)
Will     .....                  (no boots)
Stlth    +.........             (no amulet)
HPRegen  0.18/turn              P - ring of poison resistance
MPRegen  0.10/turn              (no ring)

@: mighty
A: no striking features
a: no special abilities


You were on level 4 of the Dungeon.
You visited 1 branch of the dungeon, and saw 4 of its levels.
You also visited: Sewer.

You collected 175 gold pieces.

Inventory:

Hand Weapons
 a - a +0 quarterstaff (weapon)
 b - a +0 hunting sling
Missiles
 d - a throwing net (quivered)
 j - 2 boomerangs
 k - 30 sling bullets
Armour
 c - a +0 helmet (worn)
 e - a +0 scale mail
 n - a +0 ring mail (worn)
Jewellery
 P - a ring of poison resistance (left hand)
Potions
 g - a potion of might
 h - 2 potions of attraction
 i - 3 potions of curing {unknown}
 l - 3 potions of flight {unknown}
 m - a potion of heal wounds {unknown}
 o - a potion of mutation {unknown}


   Skills:
 + Level 5.1 Fighting
 + Level 5.6 Staves
 - Level 2.0 Throwing
 - Level 3.0 Dodging


You had 6 spell levels left.
You didn't know any spells.
Your spell library was empty.

Dungeon Overview and Level Annotations

Branches:
Dungeon (4/15)              Sewer (visited)
 Temple: D:4-7

Altars:


Message History

The orc warrior barely misses you. The orc hits you with a +0 dagger.
The orc hits you with a +0 hand axe.
You closely miss the orc warrior. Something hits you.
The orc hits you but does no damage.
The orc warrior hits you with a +0 long sword!!
* * * LOW HITPOINT WARNING * * *
The orc barely misses you. The orc hits you with a +0 mace.
* * * LOW HITPOINT WARNING * * *
You aren't carrying any scrolls.
You are confused.
You feel invigorated. The orc completely misses you.
The orc closely misses you. The orc warrior completely misses you.
The orc closely misses you.
You're too confused to move!
The orc hits you with a +0 flail. The orc closely misses you.
The orc warrior hits you with a +0 long sword!
* * * LOW HITPOINT WARNING * * *
You bump into the rock wall.
The orc barely misses you. x2
The orc warrior hits you with a +0 long sword.
* * * LOW HITPOINT WARNING * * *
You bump into the rock wall.
The orc closely misses you. x2
The orc misses you. x2; The orc barely misses you.
The orc warrior hits you with a +0 long sword!
* * * LOW HITPOINT WARNING * * *
The orc barely misses you.
You hit the orc.
The orc is moderately wounded.
You feel less invigorated.
You feel less confused. The orc closely misses you.
Something hits you but does no damage. The orc closely misses you.
The orc hits you with a +0 hand axe.
* * * LOW HITPOINT WARNING * * *
The orc warrior hits you with a +0 long sword.
* * * LOW HITPOINT WARNING * * *
The orc hits you but does no damage.
Unknown command.
Okay, then.
The orc hits you with a +0 hand axe.
You die...

#.. #.. #.. #..
####### ##########.
#.....####.##...###)
#.o.................
#ooo................
#..@................
#..o...†............
#..)................
+)..................
##'###..##.##...####
#.....########+###
#.....# #.....#
......#


You could see an orc warrior and 4 orcs.

Vanquished Creatures
  Purgy (Sewer)
  Jessica (D:2)
  Terence (D:2)
  An iguana (D:2)
  Robin (D:2)
  3 gnolls (D:3)
  8 adders
  2 dart slugs
  9 orcs
  4 endoplasms
  4 giant cockroaches
  19 goblins
  13 hobgoblins
  3 jackals
  3 quokkas
  7 ball pythons
  3 bats
  4 frilled lizards
  4 kobolds
  4 rats
95 creatures vanquished.

Notes
Turn   | Place    | Note
-------+----------+-------------------------------------------
     0 | D:1      | KyrpaJooseppi the Human Gladiator began the quest for the
                  | Orb.
     0 | D:1      | Reached XP level 1. HP: 16/16 MP: 1/1
   238 | D:1      | Reached XP level 2. HP: 23/23 MP: 2/2
   796 | D:2      | Noticed Robin
   934 | D:1      | Reached XP level 3. HP: 18/28 MP: 3/3
  1110 | D:2      | Killed Robin
  1124 | D:2      | Reached XP level 4. HP: 27/35 MP: 4/4
  1646 | D:2      | Noticed Jessica
  1651 | D:2      | Killed Jessica
  1652 | D:2      | Reached XP level 5. HP: 38/42 MP: 5/5
  1691 | D:2      | Noticed Terence
  1702 | D:2      | Killed Terence
  2269 | D:3      | Reached XP level 6. HP: 38/48 MP: 6/6
  2634 | D:3      | Reached skill level 5 in Staves
  3182 | D:4      | Found a glowing drain.
  3195 | Sewer    | Entered a sewer
  3275 | Sewer    | Noticed Purgy
  3307 | Sewer    | Killed Purgy
  3308 | Sewer    | Reached skill level 5 in Fighting
  3308 | Sewer    | Reached XP level 7. HP: 8/56 MP: 7/7
  3772 | D:4      | HP: 2/56 [orc warrior/+0 long sword (3)]
  3773 | D:4      | Slain by an orc

Illustrated notes

Levels and vault maps discovered:
D:1:      minmay_arrival_diagonal_passages, layout_loops_cross,
          minmay_misc_feat_rows
D:2:      minmay_wonky_spiral, layout_loops_ring, uniq_jessica, uniq_terence,
          uniq_robin
D:3:      layout_rooms, chequers_serial_rivers_small_a
D:4:      layout_gridville, cheibrodos_sewer_entry_drain, grunt_ministairs_15,
          uniq_blork_the_orc

Skill      XL: |  1  2  3  4  5  6 |
---------------+-------------------+-----
Fighting       | 3 4 5 |  5.1
Staves         | 4 5 |  5.6
Throwing       | |  2.0
Dodging        | |  3.0

Action                   |  1- 3 |  4- 6 |  7- 9 || total
-------------------------+-------+-------+-------++-------
Melee: Quarterstaff      |    77 |   208 |    25 ||   310
Throw: Throwing net      |       |     4 |       ||     4
  Use: Scroll            |       |     9 |     1 ||    10
       Potion            |       |       |     2 ||     2
 Stab: Held in net/web   |       |     1 |       ||     1
Armor: Leather armour    |    26 |    34 |       ||    60
       Ring mail         |       |    45 |    12 ||    57
Dodge: Dodged            |    72 |   131 |    32 ||   235

Table legend: (Time is in decaauts)
 A = Elapsed time spent in this place.
 B = Non-inter-level travel time spent in this place.
 C = Inter-level travel time spent in this place.
 D = Time resting spent in this place.
 E = Time spent auto-exploring this place.
 F = Levels seen in this place.
 G = Mean time per level.
                   A        B        C        D        E       F      G
               +--------+--------+--------+--------+--------+-----+--------+
         Total |   3806 |   3722 |     84 |    818 |   2028 |   5 |  761.2 |
       Dungeon |   3369 |   3285 |     84 |    562 |   1938 |   4 |  842.2 |
         Sewer |    437 |    437 |      0 |    256 |     90 |   1 |  437.0 |
               +--------+--------+--------+--------+--------+-----+--------+

Top non-repeatable levels by time:
     D:2: 1104 daAuts
     D:1: 1075 daAuts
     D:3: 999 daAuts
   Sewer: 437 daAuts
     D:4: 190 daAuts
